 Dungeon Crawl Stone Soup version 0.29-a0-96-g93358da72b (webtiles) character file.

Game seed: 7047679731002152534

6939 drugrobin the Spear-Bearer (level 10, -1/91 HPs)
             Began as a Demigod Warper on Feb 10, 2022.
             Succumbed to a hornet's poison
             ... on level 7 of the Dungeon.
             The game lasted 00:38:05 (13264 turns).

drugrobin the Spear-Bearer (Demigod Warper)        Turns: 13264, Time: 00:38:06

Health: -1/91      AC:  6    Str: 20    XL:     10   Next: 51%
Magic:  24/24      EV: 16    Int: 15    God:
Gold:   440        SH:  0    Dex: 17    Spells: 0/12 levels left

rFire   . . .      SeeInvis .   a - +0 trident
rCold   . . .      Faith    .   (no shield)
rNeg    . . .      Spirit   .   G - +0 troll leather armour
rPois   .          Reflect  .   (no helmet)
rElec   .          Harm     .   (no cloak)
rCorr   .          Rampage  .   o - +1 pair of gloves
Will    +....                   (no boots)
Stlth   +.........              f - amulet of magic regeneration
HPRegen 1.05/turn               m - ring of magical power
MPRegen 0.59/turn               B - +4 ring of evasion

@: lethally poisoned (-1 -> -6), slowed, very slow
A: high MP 1, forlorn, divine attributes
a: no special abilities


You were on level 7 of the Dungeon.
You visited 1 branch of the dungeon, and saw 9 of its levels.
You also visited: Ossuary.

You collected 440 gold pieces.

Inventory:

Hand Weapons
 a - a +0 trident (weapon)
 b - the +6 hunting sling of Dishonour {speed, rF++ rC+}
   (You took it off a gnoll on level 3 of the Dungeon)

   Attacks with this weapon are significantly faster.
   rF:        It greatly protects you from fire.
   rC:        It protects you from cold.
 c - the +9 dagger of the Magi {vorpal, Str-2 Int+3 Dex+4 Stlth+}
   (You took it off an orc priest on level 8 of the Dungeon)

   It inflicts extra damage upon your enemies.
   Str:       It affects your strength (-2).
   Int:       It affects your intelligence (+3).
   Dex:       It affects your dexterity (+4).
   Stlth:     It makes you more stealthy.
Missiles
 d - 6 poisoned darts
 g - 2 javelins
 h - 232 stones
 k - 18 sling bullets
 l - 2 boomerangs of dispersal
 r - 10 boomerangs
Armour
 n - a +1 ring mail of poison resistance
 o - a +1 pair of gloves (worn)
 E - an orb of guile
 G - a +0 troll leather armour (worn)
Jewellery
 f - an amulet of magic regeneration (around neck)
 m - a ring of magical power (left hand)
 y - a ring of wizardry
 z - the ring "Sudd" {rC- rCorr Int+4 SInv}
   (You found it on level 6 of the Dungeon)

   [ring of see invisible]

   Int:       It affects your intelligence (+4).
   rC:        It makes you vulnerable to cold.
   SInv:      It lets you see invisible.
   rCorr:     It protects you from acid and corrosion.
 B - a +4 ring of evasion (right hand)
 F - a ring of protection from cold
Wands
 s - a wand of polymorph (13)
Scrolls
 e - 4 scrolls of identify
 j - 2 scrolls of noise {unknown}
 t - 5 scrolls of teleportation
 A - 2 scrolls of blinking
 C - 2 scrolls of brand weapon {unknown}
 D - 2 scrolls of vulnerability {unknown}
Potions
 i - a potion of resistance
 p - 4 potions of might
 q - a potion of haste
 u - 2 potions of brilliance
 v - 2 potions of attraction {unknown}
 w - a potion of lignification
 x - 2 potions of cancellation
 H - a potion of curing {unknown}


   Skills:
 + Level 9.4 Fighting
 + Level 10.0 Polearms
 - Level 0.9 Throwing
 - Level 0.8 Armour
 - Level 1.7 Dodging
 - Level 1.7 Spellcasting
 + Level 7.8 Translocations


You couldn't memorise any spells.
You knew the following spells:

 Your Spells              Type           Power      Damage    Failure   Level
a - Blink                 Tloc           48%        N/A       1%          2
b - Teleport Other        Tloc           24%        N/A       3%          3
c - Summon Small Mammal   Summ           4%         N/A       26%         1
d - Lesser Beckoning      Tloc           24%        N/A       3%          3
e - Gell's Gravitas       Tloc           24%        N/A       3%          3

Your spell library contained the following spells:

 Spells                   Type           Power      Damage    Failure   Level
 Manifold Assault         Tloc           24%        N/A       30%         5
 Ensorcelled Hibernation  Hex/Ice        2%         N/A       38%         2
 Call Canine Familiar     Summ           1%         N/A       63%         3
 Spider Form              Tmut/Pois      1%         N/A       63%         3
 Summon Guardian Golem    Hex/Summ       1%         N/A       63%         3
 Anguish                  Hex/Necr       0%         N/A       95%         4
 Animate Dead             Necr           0%         N/A       95%         4
 Haunt                    Necr/Summ      0%         N/A       100%        7
 Borgnjor's Revivificati  Necr           0%         N/A       100%        8
 Infestation              Necr           0%         N/A       100%        8
 Necromutation            Tmut/Necr      0%         N/A       100%        8
 Death's Door             Necr           0%         N/A       100%        9


Dungeon Overview and Level Annotations

Branches:
Dungeon (9/15)             Temple (0/1) D:5         Ossuary (visited)
   Lair: D:8-11         Orc: D:9-12

Annotations:
D:7 Dowan; Duvessa; Harold
D:8 3 runed translucent doors, knot's ghost, novice DsBe


Innate Abilities, Weirdness & Mutations

You have an increased reservoir of magic. (+10% MP)
You shall have no god before yourself.
Your divine heritage dramatically boosts your attributes as you level up.


Message History

You feel as though you will be slow longer.
Unknown command.
Okay, then.
Unknown command.
Casting: Gell's Gravitas (mildly dangerous; 3% risk of failure)
Confirm with . or Enter, or press ? or * to list all spells.
You blink.
Found a potion of heal wounds.
You feel very sick.
Okay, then.
Unknown command.
Throw: 4 boomerangs (disperse)
Press: ? - help, Shift-Dir - straight line, f/p - hornet
Aim: a hornet (severely wounded, 51% to hit)
You throw a boomerang of dispersal.
The boomerang of dispersal misses the hornet.
You feel very sick. The hornet stings you.
* * * LOW HITPOINT WARNING * * *
You feel as though you will be slow longer.
The hornet barely misses you.
Unknown command.
Unknown command.
Throw: 3 boomerangs (disperse)
Press: ? - help, Shift-Dir - straight line, f/p - hornet
Aim: a hornet (severely wounded, 51% to hit)
You throw a boomerang of dispersal.
The boomerang of dispersal misses the hornet.
You feel stable enough to blink again.
You feel sick. The hornet stings you!
* * * LOW HITPOINT WARNING * * *
You are lethally poisoned!
You feel as though you will be slow longer.
The hornet barely misses you. The hornet closely misses you.
Unknown command.
Unknown command.
Okay, then.
Unknown command.
You puncture the hornet!
You kill the hornet!
You die...

............#
............## ....
.............# #....
.............##.!...
............>#......
................((..
....................
.......$†.....##
......#.@...###
.#####....###
#...### #..### #
#... # .... . ... .
... . .


There were no monsters in sight!

Vanquished Creatures
  2 trolls (D:9)
  2 polar bears
  A hornet (D:7)
  A shadow (D:9)
  13 yaks
  Eustachio (D:6)
  A wraith (D:8)
  Menkaure (Ossuary)
  A water moccasin (D:6)
  4 ice beasts
  A black bear (D:6)
  7 orc warriors
  A sky beast (D:6)
  2 ogres (D:5)
  2 necrophages
  A wolf (D:9)
  2 centaurs (D:5)
  3 bullfrogs
  2 scorpions
  5 killer bees (D:9)
  3 electric eels (D:9)
  2 howler monkeys (D:9)
  A bullfrog zombie (D:3)
  2 centaur zombies
  A jelly (D:4)
  A centaur skeleton (D:7)
  2 gnoll shamans
  A hound (D:4)
  7 orc priests
  Natasha (thrice) (D:3)
  5 orc wizards
  A centaur simulacrum (D:9)
  3 mummies (Ossuary)
  9 gnolls
  2 river rats (D:4)
  9 adders
  2 white imps (D:9)
  A howler monkey simulacrum (D:9)
  An adder skeleton (D:4)
  5 worms
  34 orcs
  2 bats (D:2)
  14 endoplasms
  14 giant cockroaches (D:3)
  8 goblins
  6 hobgoblins
  5 jackals
  5 kobolds
  6 quokkas
  4 ball pythons
  4 frilled lizards
  6 gnoll skeletons (Ossuary)
  3 gnoll zombies (Ossuary)
  4 goblin skeletons (Ossuary)
  5 goblin zombies (Ossuary)
  2 hobgoblin skeletons (Ossuary)
  5 hobgoblin zombies (Ossuary)
  A kobold skeleton (Ossuary)
  2 kobold zombies (Ossuary)
  6 orc skeletons (Ossuary)
  2 orc zombies (Ossuary)
  A quokka skeleton (D:4)
  7 rats
  6 rat skeletons (Ossuary)
  8 rat zombies (Ossuary)
274 creatures vanquished.

Notes
Turn   | Place    | Note
-------+----------+-------------------------------------------
     0 | D:1      | drugrobin the Demigod Warper began the quest for the Orb.
     0 | D:1      | Reached XP level 1. HP: 17/17 MP: 5/5
   164 | D:1      | Reached skill level 2 in Polearms
   359 | D:1      | Reached XP level 2. HP: 22/24 MP: 7/7
   368 | D:1      | Learned a level 2 spell: Blink
   844 | D:1      | Reached skill level 3 in Polearms
   919 | D:1      | Reached XP level 3. HP: 2/29 MP: 8/8
  1614 | D:2      | Learned a level 3 spell: Teleport Other
  1911 | D:2      | Reached XP level 4. HP: 28/36 MP: 9/9
  2322 | D:3      | Learned a level 1 spell: Summon Small Mammal
  2389 | D:3      | Reached skill level 4 in Polearms
  2839 | D:3      | Reached XP level 5. HP: 39/45 MP: 10/10
  2958 | D:3      | Noticed Natasha
  2965 | D:3      | Killed Natasha
  3078 | D:3      | Noticed Natasha
  3089 | D:3      | Killed Natasha
  3163 | D:3      | Noticed Natasha
  3170 | D:3      | Killed Natasha
  3686 | D:3      | Identified the +6 hunting sling of Dishonour {speed, rF++
                  | rC+}
  3698 | D:3      | Reached XP level 6. HP: 46/52 MP: 11/11
  4036 | D:4      | Reached skill level 5 in Polearms
  5016 | D:5      | Entered Level 5 of the Dungeon
  5153 | D:5      | Reached XP level 7. HP: 58/60 MP: 12/12
  5211 | D:5      | Reached skill level 5 in Fighting
  5311 | D:5      | Reached skill level 6 in Polearms
  5416 | D:5      | Found a staircase to the Ecumenical Temple.
  5497 | D:5      | Found a sand-covered staircase.
  5505 | Ossuary  | Entered an ossuary
  5930 | Ossuary  | Noticed Menkaure
  5936 | Ossuary  | Killed Menkaure
  6603 | D:5      | Learned a level 3 spell: Lesser Beckoning
  6655 | D:5      | Reached XP level 8. HP: 54/70 MP: 13/13
  6919 | D:6      | Identified the ring "Sudd" {rC- rCorr Int+4 SInv}
  6950 | D:6      | Identified the +3 falchion of Cruel Justice {vorpal, Will-
                  | Int+10}
  7057 | D:6      | Reached skill level 7 in Polearms
  7217 | D:6      | Noticed Eustachio
  7239 | D:6      | Killed Eustachio
  7948 | D:7      | Noticed a hornet
  8082 | D:7      | Noticed Harold
  8590 | D:8      | Found a runed translucent gate.
  8590 | D:8      | Found a runed translucent gate.
  8590 | D:8      | Found a runed translucent gate.
  8592 | D:8      | Noticed knot's ghost (novice DsBe)
  8616 | D:8      | Reached skill level 8 in Polearms
  8616 | D:8      | Reached skill level 5 in Translocations
  8616 | D:8      | Reached XP level 9. HP: 49/79 MP: 14/14
  9167 | D:8      | Identified the +9 dagger of the Magi {vorpal, Str-2 Int+3
                  | Dex+4 Stlth+}
  9331 | D:7      | Noticed Duvessa
  9331 | D:7      | Noticed Dowan
  9830 | D:8      | Noticed a two-headed ogre
 10932 | D:8      | Reached skill level 9 in Polearms
 11479 | D:8      | Reached XP level 10. HP: 55/90 MP: 15/15
 12390 | D:9      | Learned a level 3 spell: Gell's Gravitas
 12812 | D:9      | Reached skill level 10 in Polearms
 13263 | D:7      | HP: 1/91 [hornet (11)]
 13264 | D:7      | Succumbed to a hornet's poison

Illustrated notes

Levels and vault maps discovered:
D:1:      moated_graveyard_arrival, layout_rooms,
          shapermc_ecumenical_altar_pompeii, bh_walls_and_bars
D:2:      minmay_recursive_quarters, layout_basic
D:3:      minmay_roachtagon, layout_basic, mainiacjoe_overflow_cross_hatched,
          uniq_natasha
D:4:      layout_basic, elyvilon_altar_5, lightli_sewer_entry_pipes
D:5:      layout_basic, nemelex_dance_club_becter, minmay_temple_entry_trees,
          nicolae_ossuary_entry_ruins
D:6:      layout_basic, mainiacjoe_overflow_six_doors_small,
          kennysheep_little_box, minmay_holes, uniq_eustachio
D:7:      layout_cave_pods, gammafunk_ghost_arena,
          chequers_serial_rivers_large_a, minmay_manual_mess, uniq_duvessa,
          uniq_menkaure, uniq_harold
D:8:      wander_river, layout_loops_ring, makhleb_blood_cavern_becter,
          special_room [special_room_orc], ebering_ghost_gozag, abandoned_shop
D:9:      layout_basic, marbit_many_paths, nicolae_overflow_squiral, serial_ice,
          serial_ice_n, serial_ice_f, serial_ice_i, serial_ice_d

Skill      XL: |  1  2  3  4  5  6  7  8  9 10 |
---------------+-------------------------------+-----
Polearms       | 2 3 4 5 6 8 9 10 | 10.0
Fighting       | 2 3 4 6 7 8 9 |  9.4
Translocations | 3 5 6 7 |  7.8
Throwing       | |  0.9
Armour         | |  0.8
Dodging        | |  1.7
Spellcasting   | |  1.7

Action                   |  1- 3 |  4- 6 |  7- 9 | 10-12 || total
-------------------------+-------+-------+-------+-------++-------
Melee: Spear             |    98 |    86 |    67 |       ||   251
       Punch             |     1 |     6 |     5 |     2 ||    14
       Dagger            |    48 |   125 |    40 |    17 ||   230
       Trident           |       |       |    81 |    42 ||   123
 Fire: Hunting sling     |       |    93 |   365 |   117 ||   575
Throw: Javelin           |     2 |     3 |       |       ||     5
       Stone             |     1 |       |       |       ||     1
       Dart              |       |     6 |     5 |     2 ||    13
       Throwing net      |       |       |     1 |       ||     1
       Boomerang         |       |       |     1 |     2 ||     3
 Cast: Summon Small Mamm |       |     5 |     7 |     2 ||    14
       Blink             |       |     3 |    10 |     2 ||    15
       Teleport Other    |       |       |     8 |       ||     8
       Gell's Gravitas   |       |       |       |     1 ||     1
Evoke: Wand              |       |     2 |     1 |       ||     3
  Use: Scroll            |       |     5 |    12 |       ||    17
       Potion            |       |       |     1 |       ||     1
 Stab: Held in net/web   |       |       |     2 |       ||     2
Armor: Leather armour    |    39 |       |       |       ||    39
       Ring mail         |       |    78 |    69 |     6 ||   153
       Troll leather arm |       |       |       |    18 ||    18
Dodge: Dodged            |    65 |   128 |   158 |    79 ||   430

Table legend: (Time is in decaauts)
 A = Elapsed time spent in this place.
 B = Non-inter-level travel time spent in this place.
 C = Inter-level travel time spent in this place.
 D = Time resting spent in this place.
 E = Time spent auto-exploring this place.
 F = Levels seen in this place.
 G = Mean time per level.
                   A        B        C        D        E       F      G
               +--------+--------+--------+--------+--------+-----+--------+
         Total |  13181 |  12553 |    628 |   3273 |   6572 |  10 | 1318.1 |
       Dungeon |  12416 |  11788 |    628 |   3137 |   6181 |   9 | 1379.6 |
       Ossuary |    764 |    764 |      0 |    136 |    391 |   1 |  764.0 |
               +--------+--------+--------+--------+--------+-----+--------+

Top non-repeatable levels by time:
     D:8: 3874 daAuts
     D:1: 1497 daAuts
     D:3: 1412 daAuts
     D:9: 1264 daAuts
     D:4: 1176 daAuts
     D:5: 1043 daAuts
     D:6: 1025 daAuts
     D:2: 1005 daAuts
 Ossuary: 764 daAuts
     D:7: 116 daAuts
